 Dungeon Crawl Stone Soup version 0.31-a0-177-g4aa6249778 (webtiles) character file.

Game seed: 4229493586266513947

44 qw the Shooter (level 3, -3/32 HPs)
             Began as a Naga Hunter on June 18, 2023.
             Slain by a kobold
             ... wielding a +0 whip of electrocution
              (16 damage)
             ... on level 1 of the Dungeon.
             The game lasted 00:00:20 (584 turns).

qw the Shooter (Naga Hunter)                         Turns: 584, Time: 00:00:20

Health: -3/32      AC:  2    Str: 13    XL:     3   Next: 60%
Magic:  3/3        EV:  9    Int:  9    God:
Gold:   46         SH:  0    Dex: 16    Spells: 2/2 levels left

rFire   . . .        a - +0 shortbow
rCold   . . .        (shield currently unavailable)
rNeg    . . .        c - +0 leather armour
rPois   +            (no helmet)
rElec   .            (no cloak)
rCorr   .            (no gloves)
SInv    +            (no barding)
Will    .....        (no amulet)
Stlth   ++           (no ring)
HPRegen 0.25/turn    (no ring)
MPRegen 0.08/turn

%: no passive effects
@: short of breath, very slow
A: AC +1, large, see invisible, deformed body, poison resistance, slowness 2,
spit poison 1, naga tail 1
a: Spit Poison


You were on level 1 of the Dungeon.
You visited 1 branch of the dungeon, and saw 1 of its levels.

You collected 46 gold pieces.


Innate Abilities, Weirdness & Mutations

Your serpentine skin is tough. (AC +1)
You have supernaturally acute eyesight. (SInv)
Armour fits poorly on your strangely shaped body.
Your system is resistant to poisons. (rPois)
You cover ground very slowly.
You can spit poison.
You have a snake-like lower body.


   Skills:
 - Level 2.0 Fighting
 + Level 4.8 Ranged Weapons
 - Level 1.5 Dodging
 - Level 1.5 Stealth


You had 2 spell levels left.
You didn't know any spells.
Your spell library was empty.

Inventory:

Hand Weapons
 a - a +0 shortbow (weapon)
Armour
 c - a +0 leather armour (worn)
Scrolls
 b - a scroll of butterflies
 d - 3 scrolls of identify {unknown}
 e - 2 scrolls of teleportation {unknown}
 f - a scroll of enchant armour {unknown}
 i - a scroll of immolation {unknown}
Potions
 g - a potion of curing {unknown}
 h - a potion of attraction {unknown}

Dungeon Overview and Level Annotations

Branches:
Dungeon (1/15)

Altars:


Message History

You kill the jackal!
The jackal barks!
You shoot an arrow. The arrow misses the jackal.
The arrow completely misses the dart slug.
The jackal bites you. x2
You shoot an arrow. The arrow hits the jackal!
You kill the jackal!
You hear a bark!
The jackal evades a web.
A jackal comes into view.
You shoot an arrow. The arrow hits the dart slug!
The dart slug is almost dead.
You have got your breath back.
The jackal bites you but does no damage.
581 ||| INVOKING Spit Poison.
Aiming: Spit Poison (2% risk of failure)
Press: ? - help, Shift-Dir - straight line, f/p - dart slug The splash of poison hits the dart slug.
The dart slug is poisoned.
You kill the dart slug!
The jackal bites you.
A kobold comes into view.
It is wielding a +0 whip of electrocution.
You shoot an arrow. The arrow misses the jackal.
The jackal barely misses you.
The kobold throws a stone.
The stone hits you. The jackal closely misses you.
You shoot an arrow. The arrow hits the jackal.
The jackal is heavily wounded.
You have got your breath back.
The jackal bites you but does no damage.
The kobold throws a stone.
The stone hits you.
The jackal bites you but does no damage.
584 ||| INVOKING Spit Poison.
Aiming: Spit Poison (2% risk of failure)
Press: ? - help, Shift-Dir - straight line, f/p - jackal The splash of poison hits the jackal!
The jackal is poisoned.
You kill the jackal!
The kobold hits you with a +0 whip of electrocution.
You are electrocuted!
Ouch! That really hurt!
You die...

# #. #.## ... ##.. #
#...# .# ## ..#K##^.#
#. ..)#.#@%..# #.
..#.#.##^.# #. #.#.#.#
.... ## #.#.#.# ^.##
#.#.#.# . .# #.#.#.##^.
# #..#.#P.....# ####
#...#.##...## ###.(.
##...#....########...##


You could see a kobold.

Vanquished Creatures
  A dart slug (D:1)
  3 ball pythons (D:1)
  7 bats (D:1)
  3 endoplasms (D:1)
  2 giant cockroaches (D:1)
  2 goblins (D:1)
  4 hobgoblins (D:1)
  3 jackals (D:1)
  A quokka (D:1)
  2 frilled lizards (D:1)
  5 kobolds (D:1)
  4 rats (D:1)
37 creatures vanquished.

Notes
Turn   | Place    | Note
-------+----------+-------------------------------------------
     0 | D:1      | qw the Naga Hunter began the quest for the Orb.
     0 | D:1      | Reached XP level 1. HP: 19/19 MP: 1/1
     0 | D:1      | 0 ||| qw: Version: 0.3-a-5-g6f28e65
     0 | D:1      | 0 ||| qw: Game counter: 626
     0 | D:1      | 0 ||| qw: Always use a shield: true
     0 | D:1      | 0 ||| qw: God list: Okawaru
     0 | D:1      | 0 ||| qw: Allow faded altars: false
     0 | D:1      | 0 ||| qw: Do Orc after D:15 true
     0 | D:1      | 0 ||| qw: Do second Lair branch before Depths: true
     0 | D:1      | 0 ||| qw: Lair rune preference: random
     0 | D:1      | 0 ||| qw: Plans: Normal
     0 | D:1      | 0 ||| PLANNING D:1-11
    25 | D:1      | 25 ||| INVOKING Spit Poison.
    29 | D:1      | 29 ||| Stepping ~*~*~tactically~*~*~ (outnumbered).
    30 | D:1      | 30 ||| INVOKING Spit Poison.
    33 | D:1      | 33 ||| INVOKING Spit Poison.
    39 | D:1      | 39 ||| INVOKING Spit Poison.
    40 | D:1      | HP: 3/19 [kobold/+0 club (3)]
   142 | D:1      | Reached skill level 4 in Ranged Weapons
   142 | D:1      | Reached XP level 2. HP: 26/26 MP: 2/2
   152 | D:1      | 152 ||| INVOKING Spit Poison.
   158 | D:1      | 158 ||| INVOKING Spit Poison.
   163 | D:1      | 163 ||| INVOKING Spit Poison.
   167 | D:1      | 167 ||| INVOKING Spit Poison.
   246 | D:1      | 246 ||| INVOKING Spit Poison.
   260 | D:1      | 260 ||| INVOKING Spit Poison.
   293 | D:1      | 293 ||| INVOKING Spit Poison.
   327 | D:1      | 327 ||| INVOKING Spit Poison.
   333 | D:1      | 333 ||| INVOKING Spit Poison.
   363 | D:1      | 363 ||| INVOKING Spit Poison.
   366 | D:1      | 366 ||| INVOKING Spit Poison.
   393 | D:1      | Reached XP level 3. HP: 32/32 MP: 3/3
   398 | D:1      | 398 ||| INVOKING Spit Poison.
   410 | D:1      | 410 ||| INVOKING Spit Poison.
   417 | D:1      | 417 ||| INVOKING Spit Poison.
   423 | D:1      | 423 ||| INVOKING Spit Poison.
   508 | D:1      | 508 ||| INVOKING Spit Poison.
   513 | D:1      | 513 ||| INVOKING Spit Poison.
   545 | D:1      | 545 ||| INVOKING Spit Poison.
   572 | D:1      | 572 ||| INVOKING Spit Poison.
   577 | D:1      | 577 ||| INVOKING Spit Poison.
   581 | D:1      | 581 ||| INVOKING Spit Poison.
   584 | D:1      | 584 ||| INVOKING Spit Poison.
   584 | D:1      | Slain by a kobold

Levels and vault maps discovered:
D:1:      lordsloth_arrival_two_stooges, layout_rooms,
          shapermc_ecumenical_altar_rom_forum, minmay_tiny_reverse_x

Skill      XL: |  1 |
---------------+----+-----
Ranged Weapons | 4 |  4.8
Fighting       | |  2.0
Dodging        | |  1.5
Stealth        | |  1.5

Action                     || total
---------------------------++-------
   Fire: Shortbow          ||    70
Ability: Spit Poison       ||    26
 Armour: Leather armour    ||    12
  Dodge: Dodged            ||    25

Table legend:
 A = Non-vault XP
 B = Vault XP
 C = Vault XP percentage of total XP
 D = Non-vault monster count
 E = Vault monster count
 F = Vault count percentage of total count
                 A         B        C        D         E       F
            +---------+---------+-------+---------+---------+-------
      Total |      61 |       4 |   6.2 |      35 |       2 |   5.4
            +---------+---------+-------+---------+---------+-------
        D:1 |      61 |       4 |   6.2 |      35 |       2 |   5.4
            +---------+---------+-------+---------+---------+-------
